2090 views
Uploaded 2024-03-07 02:55:13
Game version 1.36 (6115)
39:04 long 1on2 custom game on (8)petrifiedforest
Game name "AlRoss"
Saved by Alex11Chr
2090 views
Uploaded 2024-03-07 02:55:13
Game version 1.36 (6115)
39:04 long 1on2 custom game on (8)petrifiedforest
Game name "AlRoss"

152 units @ 23.1k
/ 2.7k
79 buildings @ 8.9k
/ 4.2k



| Lesser Clarity Potion | 1 | 70 |
| Potion of Healing | 7 | 1050 |
| Potion of Mana | 5 | 1000 |
| Scroll of Town Portal | 1 | 350 |
| total: | 14 | 2470g |
| Peasant | 20 | 1500 | / | 0 |
| Footman | 1 | 135 | / | 0 |
| Rifleman | 12 | 2460 | / | 360 |
| Gryphon Rider | 6 | 1680 | / | 420 |
| Priest | 12 | 1620 | / | 120 |
| Sorceress | 9 | 1395 | / | 180 |
| total: | 60 | 8790g | / | 1080w |
| Scout Tower | 32 | 960 | / | 640 |
| Arcane Tower | 9 | 630 | / | 450 |
| Guard Tower | 14 | 980 | / | 700 |
| Altar of Kings | 2 | 360 | / | 100 |
| Farm | 8 | 640 | / | 160 |
| Lumber Mill | 1 | 120 | / | 0 |
| Barracks | 1 | 160 | / | 60 |
| Blacksmith | 1 | 140 | / | 60 |
| Arcane Vault | 2 | 260 | / | 60 |
| Town Hall | 3 | 1155 | / | 615 |
| Cannon Tower | 9 | 1080 | / | 900 |
| Gryphon Aviary | 1 | 140 | / | 150 |
| Arcane Sanctum | 1 | 150 | / | 140 |
| Workshop | 1 | 140 | / | 140 |
| Keep | 1 | 320 | / | 210 |
| Castle | 1 | 360 | / | 210 |
| total: | 53 | 4225g | / | 2125w |
| 0:04 | Peasant |
| 0:04 | Peasant |
| 0:08 | Altar of Kings |
| 0:14 | Farm |
| 0:25 | Lumber Mill |
| 0:37 | Barracks |
| 0:48 | Peasant |
| 1:01 | Peasant |
| 1:09 | Peasant |
| 1:26 | Peasant |
| 1:29 | Improved Lumber Harvesting |
| 1:44 | Farm |
| 1:51 | Blacksmith |
| 2:03 | Footman |
| 2:25 | Peasant |
| 2:26 | Peasant |
| 2:32 | Arcane Vault |
| 2:43 | Holy Light |
| 2:53 | Farm |
| 3:13 | Keep |
| 3:32 | Farm |
| 3:39 | Rifleman |
| 3:58 | Rifleman |
| 4:18 | Farm |
| 4:32 | Rifleman |
| 4:52 | Divine Shield |
| 5:06 | Farm |
| 5:13 | Studded Leather Armor |
| 5:27 | Lesser Clarity Potion |
| 6:08 | Gryphon Aviary |
| 6:14 | Peasant |
| 6:14 | Peasant |
| 6:36 | Town Hall |
| 6:58 | Storm Bolt |
| 7:05 | Castle |
| 7:33 | Divine Shield |
| 7:51 | Arcane Sanctum |
| 8:44 | Peasant |
| 8:44 | Peasant |
| 8:44 | Peasant |
| 8:50 | Scout Tower |
| 8:52 | Reinforced Leather Armor |
| 8:53 | Iron Plating |
| 8:56 | Iron Forged Swords |
| 9:10 | Scout Tower |
| 9:17 | Bash |
| 9:41 | Advanced Lumber Harvesting |
| 10:07 | Scout Tower |
| 10:13 | Town Hall |
| 10:22 | Workshop |
| 10:27 | Peasant |
| 10:38 | Scout Tower |
| 10:40 | Arcane Tower |
| 10:41 | Arcane Tower |
| 10:46 | Guard Tower |
| 11:06 | Brilliance Aura |
| 11:24 | Holy Light |
| 11:26 | Bash |
| 11:41 | Summon Water Elemental |
| 12:04 | Rifleman |
| 12:04 | Long Rifles |
| 12:05 | Rifleman |
| 12:05 | Rifleman |
| 12:31 | Scout Tower |
| 12:34 | Priest Adept Training |
| 12:35 | Sorceress Adept Training |
| 13:09 | Scout Tower |
| 13:12 | Storm Hammers |
| 14:15 | Priest Master Training |
| 14:17 | Gryphon Rider |
| 14:18 | Gryphon Rider |
| 14:21 | Farm |
| 14:36 | Scout Tower |
| 14:38 | Cannon Tower |
| 14:49 | Brilliance Aura |
| 15:07 | Storm Bolt |
| 15:30 | Scout Tower |
| 15:33 | Farm |
| 15:35 | Priest |
| 15:35 | Priest |
| 15:36 | Priest |
| 15:36 | Priest |
| 15:40 | Sorceress Master Training |
| 15:49 | Peasant |
| 15:49 | Peasant |
| 15:49 | Peasant |
| 15:49 | Peasant |
| 16:02 | Scout Tower |
| 16:03 | Arcane Tower |
| 16:10 | Devotion Aura |
| 16:19 | Scout Tower |
| 16:28 | Cannon Tower |
| 16:51 | Scout Tower |
| 16:53 | Arcane Tower |
| 16:59 | Peasant |
| 17:03 | Guard Tower |
| 17:09 | Guard Tower |
| 17:20 | Scout Tower |
| 17:28 | Scout Tower |
| 18:27 | Scout Tower |
| 18:28 | Cannon Tower |
| 18:30 | Arcane Tower |
| 18:47 | Scout Tower |
| 18:49 | Cannon Tower |
| 18:50 | Guard Tower |
| 18:58 | Scout Tower |
| 19:01 | Guard Tower |
| 19:05 | Summon Water Elemental |
| 19:16 | Black Gunpowder |
| 19:22 | Scout Tower |
| 19:24 | Arcane Tower |
| 20:24 | Scout Tower |
| 20:28 | Scout Tower |
| 20:30 | Arcane Tower |
| 21:00 | Sorceress |
| 21:00 | Sorceress |
| 21:00 | Sorceress |
| 21:01 | Priest |
| 21:01 | Priest |
| 21:08 | Scout Tower |
| 21:09 | Cannon Tower |
| 21:12 | Steel Plating |
| 21:27 | Storm Bolt |
| 21:58 | Guard Tower |
| 22:05 | Scout Tower |
| 22:17 | Town Hall |
| 22:48 | Arcane Vault |
| 23:41 | Scout Tower |
| 23:43 | Peasant |
| 23:47 | Sorceress |
| 23:47 | Priest |
| 23:49 | Rifleman |
| 23:50 | Rifleman |
| 23:51 | Gryphon Rider |
| 23:53 | Dragonhide Armor |
| 23:57 | Cannon Tower |
| 24:00 | Guard Tower |
| 24:04 | Scout Tower |
| 24:14 | Scout Tower |
| 24:16 | Guard Tower |
| 24:20 | Guard Tower |
| 24:26 | Potion of Healing |
| 24:26 | Potion of Healing |
| 24:28 | Potion of Healing |
| 24:29 | Potion of Mana |
| 24:35 | Potion of Mana |
| 25:03 | Scout Tower |
| 25:06 | Cannon Tower |
| 25:13 | Scout Tower |
| 25:18 | Improved Masonry |
| 25:34 | Scout Tower |
| 25:36 | Arcane Tower |
| 25:53 | Mithril Plating |
| 26:24 | Scout Tower |
| 26:26 | Guard Tower |
| 26:27 | Guard Tower |
| 26:30 | Scout Tower |
| 26:58 | Brilliance Aura |
| 27:33 | Altar of Kings |
| 27:35 | Resurrection |
| 28:17 | Scout Tower |
| 28:18 | Guard Tower |
| 28:20 | Arcane Tower |
| 28:22 | Scout Tower |
| 28:32 | Priest |
| 28:32 | Priest |
| 28:32 | Priest |
| 28:33 | Sorceress |
| 28:33 | Sorceress |
| 28:36 | Rifleman |
| 28:36 | Rifleman |
| 28:38 | Rifleman |
| 28:40 | Gryphon Rider |
| 28:40 | Gryphon Rider |
| 28:40 | Gryphon Rider |
| 28:56 | Cannon Tower |
| 28:58 | Guard Tower |
| 29:07 | Scout Tower |
| 29:47 | Potion of Healing |
| 29:47 | Potion of Mana |
| 29:48 | Potion of Healing |
| 29:48 | Scroll of Town Portal |
| 30:02 | Cannon Tower |
| 30:05 | Advanced Masonry |
| 30:07 | Steel Forged Swords |
| 30:07 | Refined Gunpowder |
| 30:43 | Potion of Healing |
| 30:44 | Potion of Mana |
| 30:44 | Potion of Healing |
| 30:45 | Potion of Mana |
| 31:09 | Sorceress |
| 31:09 | Sorceress |
| 31:12 | Sorceress |
| 31:57 | Rifleman |
| 31:59 | Mithril Forged Swords |
| 32:30 | Imbued Masonry |
| 32:45 | Guard Tower |
| 33:05 | Imbued Gunpowder |
| 35:51 | Priest |
| 35:51 | Priest |
| 37:48 | Mass Teleport |
| 37:54 | Bash |
| 38:05 | Devotion Aura |
| Right click | 2259 |
| Select | 414 |
| Select group | 408 |
| Build/train/purchase | 199 |
| Assign group | 119 |
| Use ability | 76 |
| Item give/drop | 8 |
| Minimap ping | 6 |



| Potion of Healing | 11 | 1650 |
| Potion of Mana | 8 | 1600 |
| Lesser Clarity Potion | 2 | 140 |
| Staff of Sanctuary | 1 | 250 |
| Orb of Fire | 3 | 975 |
| total: | 25 | 4615g |
| Peasant | 26 | 1950 | / | 0 |
| Footman | 1 | 135 | / | 0 |
| Rifleman | 37 | 7585 | / | 1110 |
| Sorceress | 6 | 930 | / | 120 |
| Priest | 13 | 1755 | / | 130 |
| Spell Breaker | 9 | 1935 | / | 270 |
| total: | 92 | 14290g | / | 1630w |
| Scout Tower | 3 | 90 | / | 60 |
| Guard Tower | 1 | 70 | / | 50 |
| Arcane Tower | 1 | 70 | / | 50 |
| Altar of Kings | 1 | 180 | / | 50 |
| Farm | 7 | 560 | / | 140 |
| Barracks | 2 | 320 | / | 120 |
| Blacksmith | 1 | 140 | / | 60 |
| Arcane Vault | 3 | 390 | / | 90 |
| Town Hall | 7 | 2695 | / | 1435 |
| Lumber Mill | 1 | 120 | / | 0 |
| Arcane Sanctum | 1 | 150 | / | 140 |
| Keep | 1 | 320 | / | 210 |
| Castle | 1 | 360 | / | 210 |
| total: | 26 | 4645g | / | 2095w |
| 0:04 | Altar of Kings |
| 0:06 | Farm |
| 0:08 | Peasant |
| 0:28 | Barracks |
| 0:31 | Peasant |
| 0:48 | Peasant |
| 1:02 | Peasant |
| 1:14 | Farm |
| 1:20 | Peasant |
| 1:26 | Blacksmith |
| 1:40 | Footman |
| 1:49 | Peasant |
| 2:02 | Arcane Vault |
| 2:05 | Arcane Vault |
| 2:13 | Storm Bolt |
| 2:23 | Rifleman |
| 2:28 | Peasant |
| 2:48 | Peasant |
| 2:57 | Farm |
| 3:42 | Rifleman |
| 3:55 | Bash |
| 4:48 | Rifleman |
| 4:55 | Town Hall |
| 4:57 | Town Hall |
| 5:18 | Peasant |
| 5:18 | Peasant |
| 5:21 | Peasant |
| 5:22 | Rifleman |
| 5:26 | Farm |
| 6:03 | Rifleman |
| 6:26 | Peasant |
| 6:33 | Rifleman |
| 6:55 | Keep |
| 7:02 | Rifleman |
| 7:15 | Storm Bolt |
| 7:23 | Rifleman |
| 7:28 | Peasant |
| 7:28 | Peasant |
| 7:54 | Studded Leather Armor |
| 8:05 | Rifleman |
| 8:41 | Town Hall |
| 8:46 | Rifleman |
| 9:01 | Farm |
| 10:13 | Peasant |
| 10:13 | Peasant |
| 10:13 | Peasant |
| 10:26 | Lumber Mill |
| 10:36 | Peasant |
| 10:36 | Peasant |
| 10:36 | Peasant |
| 10:39 | Peasant |
| 11:00 | Bash |
| 11:18 | Rifleman |
| 11:25 | Potion of Healing |
| 11:25 | Potion of Healing |
| 11:25 | Potion of Mana |
| 11:25 | Potion of Mana |
| 11:27 | Potion of Healing |
| 11:28 | Lesser Clarity Potion |
| 11:46 | Rifleman |
| 11:48 | Castle |
| 12:09 | Rifleman |
| 12:11 | Black Gunpowder |
| 12:20 | Siphon Mana |
| 12:42 | Rifleman |
| 12:42 | Rifleman |
| 12:46 | Arcane Sanctum |
| 12:49 | Farm |
| 14:14 | Long Rifles |
| 14:16 | Barracks |
| 14:17 | Priest Adept Training |
| 14:18 | Sorceress Adept Training |
| 14:19 | Control Magic |
| 14:33 | Flame Strike |
| 14:57 | Storm Bolt |
| 15:01 | Scout Tower |
| 15:05 | Town Hall |
| 15:10 | Town Hall |
| 15:18 | Scout Tower |
| 15:25 | Sorceress |
| 15:25 | Priest |
| 15:29 | Potion of Healing |
| 15:29 | Potion of Healing |
| 15:29 | Potion of Mana |
| 15:29 | Potion of Mana |
| 15:30 | Staff of Sanctuary |
| 15:30 | Orb of Fire |
| 15:36 | Rifleman |
| 15:38 | Rifleman |
| 15:44 | Improved Lumber Harvesting |
| 16:19 | Siphon Mana |
| 16:22 | Brilliance Aura |
| 16:35 | Scout Tower |
| 16:36 | Guard Tower |
| 16:45 | Rifleman |
| 16:47 | Sorceress Master Training |
| 16:48 | Priest Master Training |
| 16:53 | Advanced Lumber Harvesting |
| 17:12 | Arcane Tower |
| 17:20 | Peasant |
| 17:20 | Peasant |
| 17:20 | Peasant |
| 17:20 | Peasant |
| 17:51 | Rifleman |
| 17:52 | Farm |
| 18:34 | Peasant |
| 18:56 | Rifleman |
| 18:58 | Spell Breaker |
| 18:59 | Priest |
| 18:59 | Sorceress |
| 19:53 | Rifleman |
| 19:53 | Rifleman |
| 19:54 | Sorceress |
| 19:54 | Priest |
| 19:54 | Spell Breaker |
| 20:47 | Blizzard |
| 21:04 | Rifleman |
| 21:08 | Spell Breaker |
| 21:08 | Priest |
| 21:10 | Reinforced Leather Armor |
| 21:35 | Rifleman |
| 22:08 | Potion of Healing |
| 22:09 | Potion of Healing |
| 22:11 | Potion of Mana |
| 22:11 | Orb of Fire |
| 23:03 | Spell Breaker |
| 23:03 | Priest |
| 23:04 | Sorceress |
| 23:58 | Iron Forged Swords |
| 23:59 | Iron Plating |
| 24:00 | Dragonhide Armor |
| 24:00 | Refined Gunpowder |
| 24:01 | Improved Masonry |
| 24:27 | Arcane Vault |
| 25:15 | Steel Forged Swords |
| 25:18 | Advanced Masonry |
| 25:47 | Avatar |
| 27:19 | Rifleman |
| 28:14 | Spell Breaker |
| 28:14 | Priest |
| 28:14 | Priest |
| 28:15 | Spell Breaker |
| 28:15 | Spell Breaker |
| 28:15 | Priest |
| 28:15 | Priest |
| 28:17 | Rifleman |
| 28:17 | Rifleman |
| 28:17 | Rifleman |
| 28:17 | Rifleman |
| 28:17 | Rifleman |
| 28:18 | Rifleman |
| 28:18 | Rifleman |
| 28:19 | Steel Plating |
| 28:26 | Bash |
| 29:04 | Thunder Clap |
| 29:16 | Potion of Healing |
| 29:17 | Potion of Healing |
| 29:17 | Potion of Mana |
| 30:16 | Flame Strike |
| 30:46 | Potion of Healing |
| 30:46 | Potion of Mana |
| 30:47 | Orb of Fire |
| 31:15 | Lesser Clarity Potion |
| 31:47 | Town Hall |
| 32:10 | Potion of Healing |
| 32:11 | Potion of Mana |
| 32:26 | Priest |
| 32:31 | Imbued Gunpowder |
| 32:31 | Mithril Forged Swords |
| 32:31 | Mithril Plating |
| 33:37 | Rifleman |
| 33:38 | Sorceress |
| 33:39 | Priest |
| 33:39 | Spell Breaker |
| 33:41 | Spell Breaker |
| 33:41 | Priest |
| 33:42 | Sorceress |
| 33:44 | Priest |
| 33:46 | Rifleman |
| 33:46 | Rifleman |
| 33:46 | Rifleman |
| 33:47 | Rifleman |
| 34:04 | Brilliance Aura |
| 35:30 | Thunder Clap |
| 35:37 | Siphon Mana |
| 36:57 | Town Hall |
| 37:25 | Blizzard |
| Right click | 746 |
| Select | 491 |
| Select group | 334 |
| Build/train/purchase | 185 |
| Use ability | 102 |
| Assign group | 59 |
| Misc. action | 36 |
| Remove unit | 21 |
| Item give/drop | 9 |
| Minimap ping | 5 |
| Esc | 4 |